 Dungeon Crawl Stone Soup version 0.31-a0-1-g4198be8af4 (webtiles) character file.

Game seed: 13199778987690921290

3747 BlueFish the Covert (level 10, -9/66 HPs)
             Began as an Octopode Fighter on May 2, 2023.
             Mangled by a yak (16 damage)
             ... on level 9 of the Dungeon.
             The game lasted 00:16:13 (6734 turns).

BlueFish the Covert (Octopode Fighter)              Turns: 6734, Time: 00:16:14

Health: -9/66      AC:  1    Str: 26    XL:     10   Next: 15%
Magic:  14/14      EV: 14    Int: 10    God:
Gold:   404        SH: 11    Dex: 12    Spells: 12/15 levels left

rFire   + . .        a - +4 short sword (vamp)
rCold   . . .        b - +1 buckler
rNeg    . . .        (helmet restricted)
rPois   .            y - amulet of reflection
rElec   .            f - ring of wizardry
rCorr   .            w - ring of protection from fire
SInv    +            g - ring of see invisible
Will    +....        z - ring of willpower
Stlth   +++++        M - +6 ring of strength
HPRegen 0.31/turn    (no ring)
MPRegen 0.14/turn    (no ring)
                     (no ring)

%: reflection, wizardry (x1)
@: no status effects
A: almost no armour, amphibious, 8 rings, camouflage 1, gelatinous body 1,
(nimble swimmer 1), tentacles
a: no special abilities


You were on level 9 of the Dungeon.
You visited 1 branch of the dungeon, and saw 9 of its levels.
You also visited: Sewer.

You collected 404 gold pieces.

Inventory:

Hand Weapons
 a - a +4 vampiric short sword (weapon)
 x - a +0 rapier of draining
Missiles
 m - 75 stones (quivered)
 B - 24 poisoned darts
 I - 3 atropa-tipped darts
 O - 2 boomerangs
Armour
 b - a +1 buckler (worn)
Jewellery
 f - a ring of wizardry (left tentacle)
 g - a ring of see invisible (on tentacle)
 w - a ring of protection from fire (right tentacle)
 y - an amulet of reflection (around mantle)
 z - a ring of willpower (on tentacle)
 M - a +6 ring of strength (on tentacle)
Wands
 s - a wand of flame (21)
 C - a wand of paralysis (11)
 F - a wand of quicksilver (5)
 L - a wand of polymorph (8)
Scrolls
 e - a scroll of silence
 h - 2 scrolls of vulnerability
 j - a scroll of butterflies {unknown}
 n - 4 scrolls of blinking
 r - a scroll of immolation
 u - 2 scrolls of enchant armour
 E - a scroll of acquirement {unknown}
 H - a scroll of torment {unknown}
 K - a scroll of magic mapping {unknown}
Potions
 c - 2 potions of might
 i - 2 potions of berserk rage
 k - 4 potions of heal wounds
 l - a potion of mutation
 o - 4 potions of brilliance
 p - 3 potions of flight
 v - 3 potions of attraction
 A - a potion of lignification
 D - a potion of curing
 G - 2 potions of cancellation
 J - 2 potions of magic {unknown}
 N - a potion of invisibility {unknown}


   Skills:
 + Level 5.4 Fighting
 + Level 4.9 Short Blades
 + Level 3.6 Throwing
 + Level 5.4 Dodging
 * Level 9.2 Stealth
 + Level 5.4 Shields
 + Level 3.2 Spellcasting
 * Level 6.5 Poison Magic
 + Level 4.1 Evocations


You had 12 spell levels left.
You knew the following spells:

 Your Spells              Type           Power      Damage    Failure   Level
a - Sting                 Tmut/Pois      32%        1d4       3%          1
b - Poisonous Vapours     Pois/Air       16%        N/A       4%          2

Your spell library contained the following spells:

 Spells                   Type           Power      Damage    Failure   Level
 Olgreb's Toxic Radiance  Pois           14%        N/A       9%          4
 Call Canine Familiar     Summ           1%         N/A       34%         3
 Portal Projectile        Hex/Tloc       2%         N/A       34%         3
 Leda's Liquefaction      Hex/Erth       0%         N/A       75%         4
 Summon Lightning Spire   Summ/Air       1%         N/A       75%         4
 Storm Form               Tmut/Air       0%         N/A       100%        7
 Maxwell's Capacitive Co  Air            0%         ∞         100%        8


Dungeon Overview and Level Annotations

Branches:
Dungeon (9/15)             Temple (0/1) D:4           Sewer (visited)
   Lair: D:8-11         Orc: D:9-12

Altars:
Cheibriados
Fedhas
Gozag
Nemelex Xobeh
Okawaru
Uskayaw
The Shining One

Shops:
D:8 *=!

Annotations:
D:7 3 runed translucent doors, ragingrage's ghost, novice DjDe
D:9 Pikel


Innate Abilities, Weirdness & Mutations

You cannot wear most types of armour.
You are amphibious.
You can wear up to eight rings at the same time.
Your skin changes colour to match your surroundings (Stealth+).
Your rubbery body absorbs attacks. (AC +1, EV +1)
((You are camouflaged when in or above water. (Stealth+)))
You have tentacles for arms and can constrict up to eight enemies at once.


Message History

You block the swamp drake's attack.
You puncture the swamp drake!
You feel better.
The swamp drake is heavily wounded.
You are engulfed in noxious fumes.
You choke on the stench!
You are confused.
You feel sick. The swamp drake closely misses you.
You bump into the rock wall.
You are engulfed in noxious fumes.
You feel sick.
You are no longer poisoned.
The swamp drake barely misses you.
You hit the swamp drake. Your squeeze misses the swamp drake.
The swamp drake is severely wounded.
You feel less confused.
You hit the swamp drake but do no damage.
Your squeeze misses the swamp drake.
The swamp drake is severely wounded.
You block the swamp drake's attack.
You barely miss the swamp drake.
You squeeze the swamp drake, but do no damage.
The swamp drake is severely wounded.
You block the swamp drake's attack.
You hit the swamp drake but do no damage.
You squeeze the swamp drake.
The swamp drake is almost dead.
The swamp drake bites you!
You hit the swamp drake.
You kill the swamp drake!
You block the yak's attack.
You hit the yak.
You feel better.
You squeeze the yak.
The yak is lightly wounded.
You hit the yak but do no damage.
The yak is lightly wounded.
You block the yak's attack.
You hit the yak but do no damage.
The yak is lightly wounded.
The yak gores you!
* * * LOW HITPOINT WARNING * * *
You hit the yak. You squeeze the yak!
The yak is severely wounded.
The yak gores you!
You die...

..........##..#...
..............#....
...................
#......$.........
#...............
#.............
##............
###Y.........
####..@....)....
##....)........#.
#.)............#
#.............##
##..#.........#
####......####
##.#...# #.#..##
######


You could see a yak.

Vanquished Creatures
  Erica (D:9)
  Joseph (D:7)
  Eustachio (D:5)
  3 steam dragons
  2 water moccasins
  A swamp drake (D:9)
  3 orc warriors
  4 centaurs
  A phantom (D:5)
  4 bullfrogs
  2 kobold brigands
  2 scorpions (D:5)
  5 wights (D:7)
  2 howler monkeys (D:5)
  A hound (D:6)
  An orc priest (D:8)
  A sleepcap (D:6)
  6 orc wizards
  6 gnolls
  8 adders
  An ufetubus (D:6)
  3 worms
  A dart slug (D:3)
  25 orcs
  7 ball pythons
  6 endoplasms
  3 giant cockroaches
  9 hobgoblins
  A jackal (Sewer)
  18 kobolds
  3 quokkas
  6 bats
  4 frilled lizards
  9 goblins
  6 rats
157 creatures vanquished.

Vanquished Creatures (others)
  An orc (D:8)
  13 fungi (D:9)
  11 plants (D:9)
25 creatures vanquished.

Grand Total: 182 creatures vanquished

Notes
Turn   | Place    | Note
-------+----------+-------------------------------------------
     0 | D:1      | BlueFish the Octopode Fighter began the quest for the Orb.
     0 | D:1      | Reached XP level 1. HP: 16/16 MP: 1/1
    36 | D:1      | Reached skill level 1 in Stealth
    95 | D:1      | Found a faded altar of an unknown god.
   163 | D:1      | Reached XP level 2. HP: 19/21 MP: 2/2
   730 | D:2      | Reached skill level 2 in Stealth
   730 | D:2      | Reached XP level 3. HP: 22/26 MP: 3/3
  1539 | D:3      | Reached XP level 4. HP: 31/31 MP: 4/4
  1544 | D:3      | Identified the +0 quarterstaff of Pudotop {venom, rElec rC+
                  | Int-4 Dex+2}
  1583 | D:3      | Found a snail-covered altar of Cheibriados.
  1866 | D:3      | Found a glowing golden altar of the Shining One.
  1940 | D:3      | Found a large runed translucent door.
  1941 | D:3      | Found a large runed translucent door.
  1949 | D:3      | Found an opulent altar of Gozag.
  1958 | D:3      | Found a blossoming altar of Fedhas.
  1963 | D:3      | Reached skill level 3 in Stealth
  2415 | D:4      | Found a sparkling altar of Nemelex Xobeh.
  2472 | D:4      | Noticed a bullfrog
  2480 | D:4      | Killed a bullfrog
  2481 | D:4      | Reached skill level 4 in Stealth
  2481 | D:4      | Reached XP level 5. HP: 36/36 MP: 5/5
  2705 | D:4      | Found a staircase to the Ecumenical Temple.
  2849 | D:4      | Learned a level 1 spell: Sting
  2852 | D:4      | Learned a level 2 spell: Poisonous Vapours
  2889 | D:5      | Entered Level 5 of the Dungeon
  2889 | D:5      | Found an iron altar of Okawaru.
  2919 | D:5      | Reached XP level 6. HP: 43/43 MP: 6/6
  3098 | D:5      | Noticed Eustachio
  3104 | D:5      | Reached skill level 1 in Poison Magic
  3121 | D:5      | Found a glowing drain.
  3143 | Sewer    | Entered a sewer
  3220 | Sewer    | Reached skill level 1 in Throwing
  3220 | Sewer    | Reached skill level 5 in Stealth
  3241 | Sewer    | Found a white marble altar of Elyvilon.
  3363 | D:5      | You fall into a shaft and drop 3 floors!
  3378 | D:8      | Found Coren's Assorted Antiques.
  3404 | D:8      | Noticed a steam dragon
  3418 | D:7      | Reached skill level 1 in Evocations
  3418 | D:7      | Reached XP level 7. HP: 47/47 MP: 8/8
  3507 | D:7      | Noticed Joseph
  3519 | D:7      | Killed Joseph
  3520 | D:7      | Reached skill level 1 in Spellcasting
  3548 | D:7      | Reached skill level 6 in Stealth
  3548 | D:7      | Reached XP level 8. HP: 21/54 MP: 10/10
  4646 | D:5      | Killed Eustachio
  4647 | D:5      | Reached skill level 7 in Stealth
  5106 | D:7      | Reached XP level 9. HP: 27/57 MP: 12/12
  5221 | D:7      | Noticed ragingrage's ghost (novice DjDe)
  5224 | D:7      | Noticed a cyclops
  5265 | D:7      | Found a runed translucent gate.
  5265 | D:7      | Found a runed translucent gate.
  5265 | D:7      | Found a runed translucent gate.
  5288 | D:7      | Found a hide-covered altar of Uskayaw.
  5294 | D:7      | Reached skill level 5 in Poison Magic
  5883 | D:8      | Reached skill level 8 in Stealth
  5962 | D:8      | Reached skill level 5 in Dodging
  5962 | D:8      | Reached skill level 5 in Shields
  5965 | D:8      | Reached skill level 5 in Fighting
  5977 | D:8      | Found Moigy's Jewellery Shop.
  6016 | D:8      | Found Pigucon's Distillery.
  6570 | D:9      | Noticed Pikel
  6580 | D:9      | Noticed a six-headed hydra
  6613 | D:9      | Noticed Erica
  6617 | D:9      | HP: 2/61 [Erica/+1 scimitar of flaming (18)]
  6622 | D:9      | Killed Erica
  6623 | D:9      | Reached skill level 9 in Stealth
  6623 | D:9      | Reached XP level 10. HP: 38/66 MP: 14/14
  6734 | D:9      | Mangled by a yak

Illustrated notes

Levels and vault maps discovered:
D:1:      ebering_trefoil_twist, layout_basic,
          ebering_ecumenical_altar_abandoned
D:2:      layout_basic, minmay_misc_feat_four_crosses,
          kennysheep_generic_room_12
D:3:      layout_rooms, tso_altar, jmf_multi_god_temple2,
          kennysheep_slug_shrine, mrwooster_statue_mirror
D:4:      layout_layer_cave, mainiacjoe_overflow_concentric_impassable,
          minmay_temple_entry_statues
D:5:      layout_gridville, mainiacjoe_overflow_boulevard,
          cheibrodos_sewer_entry_sluice, patterned_corridor, uniq_eustachio
D:6:      layout_loops_ring
D:7:      layout_basic, nicolae_uskayaw_suspiria, gammafunk_ghost_split,
          enter_bailey_7, uniq_joseph
D:8:      layout_rooms, serial_shops, nicolae_shop_pleasant_corner_grove, shop,
          shop
D:9:      hangedman_cross_stitches, layout_cave_pools,
          nicolae_vehumet_altar_sigil, grunt_lair_entry_orc_guard_hut,
          minmay_statues_item, serial_bayou_pond_b, uniq_erica, uniq_pikel

Skill      XL: |  1  2  3  4  5  6  7  8  9 |
---------------+----------------------------+-----
Stealth        | 1 2 4 5 6 7 9 |  9.2
Short Blades   | 3 4 |  4.9
Poison Magic   | 2 3 4 6 |  6.5
Throwing       | 1 2 3 |  3.6
Dodging        | 4 5 |  5.4
Evocations     | 1 2 4 |  4.1
Fighting       | 4 5 |  5.4
Shields        | 4 5 |  5.4
Spellcasting   | 1 2 3 |  3.2

Action                     |  1- 3 |  4- 6 |  7- 9 | 10-12 || total
---------------------------+-------+-------+-------+-------++-------
  Melee: Rapier            |    82 |     9 |       |       ||    91
         Constrict         |    18 |    21 |    53 |       ||    92
         Punch             |     1 |     1 |     1 |       ||     3
         Tentacles         |    12 |    23 |    73 |     9 ||   117
         Short sword       |       |    70 |   193 |    28 ||   291
  Throw: Dart              |       |       |     9 |       ||     9
  Evoke: Wand              |       |       |       |     1 ||     1
    Use: Scroll            |     1 |       |    16 |       ||    17
         Potion            |       |       |     2 |       ||     2
   Stab: Sleeping          |    16 |    12 |     5 |       ||    33
         Distracted        |       |       |     2 |       ||     2
         Held in net/web   |       |       |     1 |       ||     1
 Armour: Skin              |     8 |     1 |     6 |       ||    15
  Dodge: Dodged            |    54 |    19 |    93 |    19 ||   185
  Block: Buckler           |    16 |    19 |    77 |    14 ||   126
         Reflection        |       |     1 |     1 |     2 ||     4

Table legend: (Time is in decaauts)
 A = Elapsed time spent in this place.
 B = Non-inter-level travel time spent in this place.
 C = Inter-level travel time spent in this place.
 D = Time resting spent in this place.
 E = Time spent auto-exploring this place.
 F = Levels seen in this place.
 G = Mean time per level.
                   A        B        C        D        E       F      G
               +--------+--------+--------+--------+--------+-----+--------+
         Total |   6693 |   6419 |    274 |    147 |   4455 |  10 |  669.3 |
       Dungeon |   6560 |   6286 |    274 |    147 |   4380 |   9 |  728.9 |
         Sewer |    133 |    133 |      0 |      0 |     75 |   1 |  133.0 |
               +--------+--------+--------+--------+--------+-----+--------+

Top non-repeatable levels by time:
     D:7: 1157 daAuts
     D:6: 921 daAuts
     D:4: 826 daAuts
     D:5: 803 daAuts
     D:2: 721 daAuts
     D:1: 720 daAuts
     D:8: 627 daAuts
     D:3: 627 daAuts
     D:9: 155 daAuts
   Sewer: 133 daAuts
